 Dungeon Crawl Stone Soup version 0.27-a0-488-g88baaf19db (webtiles) character file.

Game seed: 11690185913480840982

1679 Klosterheim the Grappler (level 8, -3/78 HPs)
             Began as a Troll Delver on Mar 1, 2021.
             Was an Initiate of Ashenzari.
             Slain by a bullfrog (5 damage)
             ... on level 7 of the Dungeon.
             The game lasted 00:11:29 (4859 turns).

Klosterheim the Grappler (Troll Delver)             Turns: 4859, Time: 00:11:29

Health: -3/78      AC:  7    Str: 21    XL:     8   Next: 70%
Magic:  7/7        EV: 11    Int:  8    God:    Ashenzari [......]
Gold:   395        SH:  0    Dex: 11    Spells: 7/7 levels left

rFire    . . .     SeeInvis .     - Unarmed
rCold    . . .     Faith    .   (no shield)
rNeg     . . .     Spirit   .   v - +0 steam dragon scales
rPois    .         Reflect  .   (helmet restricted)
rElec    .         Harm     .   (no cloak)
rCorr    .         Rampage  .   (gloves unavailable)
Will     .....                  (boots unavailable)
Stlth    ++........             (no amulet)
HPRegen  1.23/turn              (no ring)
MPRegen  0.10/turn              (no ring)

@: no status effects
A: large, unfitting armour, claws 3, regeneration 1, shaggy fur 1, tough skin 1
a: Renounce Religion


You were on level 7 of the Dungeon.
You worshipped Ashenzari.
Ashenzari was noncommittal.
You visited 2 branches of the dungeon, and saw 8 of its levels.

You collected 395 gold pieces.

Inventory:

Armour
 v - +0 steam dragon scales (worn)
Jewellery
 u - a ring of wizardry
Wands
 f - a wand of digging (3)
 l - a wand of polymorph (4)
 m - a wand of flame (23)
 p - a wand of random effects (22)
Scrolls
 b - 2 scrolls of fog
 c - 2 scrolls of magic mapping
 d - a scroll of enchant armour
 g - 2 scrolls of enchant weapon
 k - 3 scrolls of blinking
 r - 4 scrolls of teleportation
 t - a scroll of fear
Potions
 a - 2 potions of might
 e - a potion of haste
 h - 4 potions of curing
 j - 3 potions of brilliance
 o - 3 potions of heal wounds
 q - a potion of magic
 s - a potion of cancellation


   Skills:
 - Level 4.0 Fighting
 - Level 0.2 Armour
 - Level 3.6 Dodging
 - Level 4.3 Stealth
 - Level 0.2 Shields
 + Level 8.0 Unarmed Combat
 - Level 0.2 Conjurations
 - Level 0.2 Hexes
 - Level 0.2 Translocations
 - Level 0.2 Transmutations
 - Level 0.3 Fire Magic
 - Level 0.2 Ice Magic
 - Level 0.2 Air Magic
 - Level 0.2 Earth Magic
 - Level 0.2 Poison Magic


You had 7 spell levels left.
You didn't know any spells.
Your spell library was empty.

Dungeon Overview and Level Annotations

Branches:
Dungeon (7/15)             Temple (1/1) D:5

Altars:
Ashenzari
Cheibriados
Elyvilon
Gozag
Makhleb
Nemelex Xobeh
Okawaru
Ru
Sif Muna
Uskayaw
Vehumet
The Shining One

Annotations:
D:6 Prince Ribbit


Innate Abilities, Weirdness & Mutations

You are too large for most types of armour.
You have claws for hands.
Your natural rate of healing is unusually fast.
You are covered in fur. (AC +1)
You have tough skin. (AC +1)


Message History

You shatter the curse binding the cursed ring "Chained Together" {SInv, Elem, Bglg}!
Items here: ( ))) [ ††.
You see here a +0 leather armour.
There is an escape hatch in the ceiling here.
You see here a +1 broad axe of flaming.
Done exploring.
Done exploring.
Done exploring.
Done exploring.
Done exploring.
There is a stone staircase leading up here.
There is a stone staircase leading down here.
You climb downwards.
A bullfrog and an ogre come into view.
Found a stone staircase leading down.
There is a stone staircase leading up here.
The ogre hits you with a +0 giant club! The ogre hits you with a +0 giant club.
The ogre closely misses you. The ogre hits you with a +0 giant club!
The bullfrog hits you. The ogre hits you with a +0 giant club!
The bullfrog hits you. x2
The ogre hits you with a +0 giant club!!
* * * LOW HITPOINT WARNING * * *
The bullfrog hits you.
* * * LOW HITPOINT WARNING * * *
The bullfrog misses you. The ogre barely misses you.
The bullfrog barely misses you. The bullfrog barely misses you.
The ogre hits you with a +0 giant club.
* * * LOW HITPOINT WARNING * * *
The bullfrog hits you but does no damage. x2
The ogre barely misses you. The bullfrog hits you!
* * * LOW HITPOINT WARNING * * *
The bullfrog hits you.
* * * LOW HITPOINT WARNING * * *
The ogre closely misses you. The bullfrog hits you.
* * * LOW HITPOINT WARNING * * *
The bullfrog hits you.
You die...

## #. #. #.
###.######
#........#
#...@O...#
#....F....#
######.##..>
.# # , *,#
,* * * * * ,
* * , ,


You could see an ogre and a bullfrog.

Vanquished Creatures
  Maggie (D:6)
  Menkaure (D:4)
  An orc warrior (D:6)
  5 ogres
  A bullfrog (D:6)
  A howler monkey (D:4)
  2 bullfrog zombies
  Crazy Yiuf (D:6)
  7 orc priests
  An iguana (D:4)
  5 orc wizards
  A hound zombie (D:3)
  A hound skeleton (D:6)
  3 gnolls (D:6)
  7 adders
  A white imp (D:3)
  2 oozes (D:1)
  3 adder skeletons
  2 leopard geckos
  18 orcs
  A ball python (D:1)
  7 bats
  2 giant cockroaches
  7 goblins
  10 hobgoblins
  7 jackals
  9 kobolds
  3 quokkas
  2 frilled lizards
  A jackal zombie (D:5)
  6 rats
119 creatures vanquished.

Notes
Turn   | Place    | Note
-------+----------+-------------------------------------------
     0 | D:5      | Klosterheim the Troll Delver began the quest for the Orb.
     0 | D:5      | Reached XP level 1. HP: 22/22 MP: 0/0
    16 | D:4      | Noticed Menkaure
   121 | D:5      | Found a staircase to the Ecumenical Temple.
   133 | Temple   | Entered the Ecumenical Temple
   141 | Temple   | Became a worshipper of Ashenzari the Shackled
   171 | D:4      | Noticed a howler monkey
   171 | D:4      | Noticed an orc priest
   171 | D:4      | Noticed an orc priest
   172 | D:4      | Identified the +1 chain mail of the Heavens {rElec rN+}
   192 | D:4      | Killed an orc priest
   193 | D:4      | Reached XP level 2. HP: 28/29 MP: 1/1
   193 | D:4      | Reached XP level 3. HP: 35/36 MP: 2/2
   229 | D:4      | Reached XP level 4. HP: 38/44 MP: 3/3
   324 | D:4      | Reached XP level 5. HP: 52/52 MP: 4/4
   933 | D:2      | Reached skill level 3 in Unarmed Combat
  1256 | D:3      | Found an iron altar of Okawaru.
  1307 | D:3      | Reached XP level 6. HP: 24/61 MP: 5/5
  1560 | D:3      | Reached skill level 4 in Unarmed Combat
  1682 | D:3      | Reached * piety under Ashenzari
  1718 | D:3      | Found a sparkling altar of Nemelex Xobeh.
  1720 | D:3      | Found a white marble altar of Elyvilon.
  2137 | D:4      | Killed Menkaure
  2300 | D:4      | Reached XP level 7. HP: 65/67 MP: 6/6
  2496 | D:4      | Found a hide-covered altar of Uskayaw.
  2707 | D:5      | Reached skill level 5 in Unarmed Combat
  3152 | D:6      | Noticed Maggie
  3506 | D:1      | Reached ** piety under Ashenzari
  4184 | D:6      | Reached XP level 8. HP: 44/78 MP: 7/7
  4363 | D:6      | Found a runed translucent door.
  4364 | D:6      | Noticed Crazy Yiuf
  4373 | D:6      | Killed Crazy Yiuf
  4438 | D:6      | Killed Maggie
  4439 | D:6      | Reached skill level 6 in Unarmed Combat
  4561 | D:6      | Noticed Prince Ribbit
  4565 | D:6      | Reached skill level 7 in Unarmed Combat
  4731 | D:6      | Reached skill level 8 in Unarmed Combat
  4858 | D:7      | HP: 1/78 [bullfrog (4)]
  4859 | D:7      | Slain by a bullfrog

Illustrated notes

Levels and vault maps discovered:
D:1:      saegor_arrival_simple_b, layout_basic, st_stairs_7
D:2:      layout_basic, nrook_mini_vaults
D:3:      layout_loops_ring, nicolae_overflow_hidden_temple, okawaru_gym_becter
D:4:      layout_loops_cross, nicolae_overflow_crystal_walls,
          minmay_misc_feat_chi, uniq_menkaure
D:5:      layout_gridville, minmay_temple_entry_water_ring,
          hangedman_decor_slide_cut
D:6:      layout_rooms, uniq_crazy_yiuf_cottage, uniq_maggie,
          uniq_prince_ribbit1
D:7:      layout_basic, nicolae_gozag_seed_capital
Temple:   eino_narrow_crystal_temple

Skill      XL: |  1  2  3  4  5  6  7  8 |
---------------+-------------------------+-----
Stealth        | 3 4 |  4.3
Dodging        | 2 3 |  3.6
Unarmed Combat | 3 4 5 8 |  8.0
Fighting       | 3 4 |  4.0
Armour         | |  0.2
Shields        | |  0.2
Conjurations   | |  0.2
Hexes          | |  0.2
Translocations | |  0.2
Transmutations | |  0.2
Fire Magic     | |  0.3
Ice Magic      | |  0.2
Air Magic      | |  0.2
Earth Magic    | |  0.2
Poison Magic   | |  0.2

Action                   |  1- 3 |  4- 6 |  7- 9 || total
-------------------------+-------+-------+-------++-------
Melee: Unarmed           |    26 |   161 |   186 ||   373
       Punch             |     1 |     1 |     4 ||     6
Invok: Curse Item        |       |     2 |     1 ||     3
       Shatter the Chain |       |       |     3 ||     3
  Use: Scroll            |     1 |       |     1 ||     2
       Potion            |     1 |       |       ||     1
 Stab: Sleeping          |       |     7 |     9 ||    16
       Confused          |       |       |     1 ||     1
Armor: Robe              |     5 |    36 |    33 ||    74
       Steam dragon scal |       |       |    10 ||    10
Dodge: Dodged            |     7 |    65 |    93 ||   165

Table legend: (Time is in decaauts)
 A = Elapsed time spent in this place.
 B = Non-inter-level travel time spent in this place.
 C = Inter-level travel time spent in this place.
 D = Time resting spent in this place.
 E = Time spent auto-exploring this place.
 F = Levels seen in this place.
 G = Mean time per level.
                   A        B        C        D        E       F      G
               +--------+--------+--------+--------+--------+-----+--------+
         Total |   4837 |   4486 |    351 |    136 |   3437 |   8 |  604.6 |
       Dungeon |   4820 |   4483 |    337 |    136 |   3437 |   7 |  688.6 |
        Temple |     16 |      2 |     14 |      0 |      0 |   1 |   16.0 |
               +--------+--------+--------+--------+--------+-----+--------+

Top non-repeatable levels by time:
     D:3: 890 daAuts
     D:2: 850 daAuts
     D:4: 818 daAuts
     D:1: 777 daAuts
     D:6: 744 daAuts
     D:5: 720 daAuts
     D:7: 18 daAuts
  Temple: 16 daAuts
